 Dungeon Crawl Stone Soup version 0.20.1-1-g8b1a95d (webtiles) character file.

5406 lorenzova the Unseen (level 10, -1/44 HPs)
             Began as a Spriggan Enchanter on Sept 27, 2017.
             Was a Priest of Dithmenos.
             Slain by a two-headed ogre
             ... wielding a +0 giant club
              (26 damage)
             ... on level 8 of the Dungeon.
             The game lasted 00:32:59 (11007 turns).

lorenzova the Unseen (Spriggan Enchanter)          Turns: 11007, Time: 00:33:00

Health: -1/44      AC: 11    Str:  5    XL:     10   Next: 40%
Magic:  17/24      EV: 18    Int: 16    God:    Dithmenos [***...]
Gold:   198        SH:  0    Dex: 20    Spells: 21/27 levels left

rFire    + . .     SeeInvis +   B - +0 short sword (protect)
rCold    + . .     Gourm    .   (shield restricted)
rNeg     . . .     Faith    .   D - +2 robe {MR+}
rPois    .         Spirit   .   (helmet restricted)
rElec    .         Reflect  .   y - scarf {rC+ rF+}
rCorr    .         Harm     .   (gloves unavailable)
MR       ++...                  (boots unavailable)
Stlth    +++++++++.             (no amulet)
Regen    0.2/turn               n - ring of flight
MPRegen  0.2/turn               (no ring)

@: protection aura, wreathed by umbra, very quick
A: unfitting armour, see invisible, herbivore 3, speed 3, slow metabolism 2
a: Shadow Step, Renounce Religion, Evoke Flight


You were on level 8 of the Dungeon.
You worshipped Dithmenos.
Dithmenos was most pleased with you.
You were near starving.

You visited 2 branches of the dungeon, and saw 9 of its levels.
You also visited: Bailey.

You collected 374 gold pieces.
You spent 176 gold pieces at shops.

Inventory:

Hand Weapons
 B - a +0 short sword of protection (weapon)
Armour
 o - a +1 cloak
 y - a scarf of resistance (worn)
 D - a +2 robe of magic resistance (worn)
 E - a +2 robe of positive energy
Jewellery
 n - a ring of flight (left hand)
Wands
 i - a wand of iceblast (12/15)
 x - a wand of acid (11/15)
 C - a wand of iceblast (7/15)
Scrolls
 e - 2 scrolls of enchant weapon
 f - a scroll of amnesia {unknown}
 g - a scroll of identify
 j - 4 scrolls of teleportation
 m - 4 scrolls of enchant armour
 s - 3 scrolls of remove curse
 t - a scroll of recharging {unknown}
Potions
 h - a potion of heal wounds
 k - a potion of cancellation {unknown}
 l - 2 potions of invisibility {unknown}
 q - a potion of might {unknown}
 r - 2 potions of curing {unknown}
 u - a potion of magic {unknown}
 v - a potion of degeneration {unknown}
 w - a potion of flight {unknown}
 z - a potion of mutation {unknown}
Books
 c - a book of Maledictions

   Spells                             Type                      Level
   a - Corona                         Hexes                        1
   b - Ensorcelled Hibernation        Hexes/Ice                    2
   c - Confuse                        Hexes                        3
   d - Tukima's Dance                 Hexes                        3
   e - Dazzling Spray                 Conjuration/Hexes            3
Comestibles
 d - 7 bread rations
 A - 11 royal jellies


   Skills:
 - Level 1.1 Short Blades
 - Level 3.0 Dodging
 + Level 19.3 Stealth
 * Level 9.4 Spellcasting
 * Level 9.6 Hexes


You had 21 spell levels left.
You knew the following spells:

 Your Spells              Type           Power        Failure   Level  Hunger
a - Corona                Hex            #####..      1%          1    None
b - Ensorcelled Hibernat  Hex/Ice        ###...       1%          2    None
c - Confuse               Hex            #####...     1%          3    None


Dungeon Overview and Level Annotations

Branches:
Dungeon (8/15)             Temple (1/1) D:5
   Lair: D:8-11

Altars:
Ashenzari
Cheibriados
Dithmenos
Elyvilon
Gozag
Hepliaklqana
Kikubaaqudgha
Makhleb
Nemelex Xobeh
Okawaru
Qazlal
Ru
Sif Muna
Trog
Uskayaw
Vehumet
Xom
Yredelemnul
Zin
The Shining One

Shops:
D:5 [


Innate Abilities, Weirdness & Mutations

You are very small and have problems with some larger weapons.
You are too small for most types of armour.
You have supernaturally acute eyesight. (SInv)
You are a herbivore.
You cover ground extremely quickly.
You need consume almost no food.


Message History

You completely miss the two-headed ogre.
The two-headed ogre is heavily wounded.
You barely miss the two-headed ogre.
The two-headed ogre is moderately wounded.
You hit the two-headed ogre but do no damage.
Your weapon exudes an aura of protection.
The two-headed ogre is moderately wounded.
Casting: Confuse
Confirm with . or Enter, or press ? or * to list all spells.
You don't know that spell.
You hit the two-headed ogre but do no damage.
The two-headed ogre is moderately wounded.
The two-headed ogre hits you with a giant club!!
The two-headed ogre barely misses you.
You strike the helpless two-headed ogre from behind!
You impale the two-headed ogre!!
The two-headed ogre is almost dead.
The two-headed ogre hits you with a giant club!!
Ouch! That really hurt!
You die...

#..........#####........#
#..........>†..........#
##.####.....#####.####..#
#.# #..................
#.# #.###.#####.#####..
#.# #.....# #.# #.#
####### ###.#
#.############O#.#
#........)...@.#.#
##############.#.#
#.......# #†#.#
#####.#####.###)#)########
#.......).......#.....@y..
#....≈....O.#####..#######
#..≈≈....z..# #..#
#..........y#####..#..##
#...†....................


You could see a two-headed ogre (confused).

Vanquished Creatures
  Erica (D:8)
  Joseph (D:7)
  Psyche (D:8)
  The ghost of Frank the Sneak, a novice OpFi (D:4)
  A hippogriff (D:7)
  5 orc warriors
  2 phantoms
  A necrophage (D:5)
  2 ogres
  3 centaurs
  3 bullfrogs
  A wyvern zombie (D:7)
  8 killer bees
  A howler monkey (D:4)
  3 crimson imps
  5 jellies
  Crazy Yiuf (D:6)
  A hound (D:7)
  4 orc priests
  3 centaur skeletons
  2 orc wizards
  A bullfrog skeleton (D:7)
  2 iguanas
  A worker ant (D:5)
  A killer bee zombie (D:6)
  5 gnolls
  9 adders
  3 shadow imps (D:7)
  8 oozes
  An adder skeleton (D:4)
  A dart slug (D:2)
  6 leopard geckos
  31 orcs
  2 ball pythons (D:4)
  10 bats
  6 giant cockroaches
  19 goblins
  10 hobgoblins
  15 jackals
  3 quokkas
  3 frilled lizards
  27 kobolds
  13 rats
  A butterfly (D:7)
228 creatures vanquished.

Notes
Turn   | Place    | Note
-------+----------+-------------------------------------------
     0 | D:1      | lorenzova the Spriggan Enchanter began the quest for the Orb.
     0 | D:1      | Reached XP level 1. HP: 9/9 MP: 5/5
   729 | D:1      | Reached XP level 2. HP: 13/13 MP: 7/7
  1217 | D:1      | Learned a level 2 spell: Ensorcelled Hibernation
  1237 | D:1      | Reached XP level 3. HP: 6/16 MP: 8/8
  1485 | D:1      | Reached skill level 5 in Stealth
  2231 | D:2      | Found a snail-covered altar of Cheibriados.
  2301 | D:2      | Reached XP level 4. HP: 15/21 MP: 7/10
  3068 | D:2      | Reached skill level 5 in Hexes
  3301 | D:2      | Learned a level 3 spell: Confuse
  3394 | D:3      | Found a radiant altar of Vehumet.
  3665 | D:3      | Reached XP level 5. HP: 23/24 MP: 7/12
  3866 | D:3      | Reached skill level 6 in Stealth
  4280 | D:3      | Found a sacrificial altar of Ru.
  4310 | D:3      | Found a faded altar of an unknown god.
  4462 | D:4      | Noticed an ogre
  4482 | D:4      | Killed an ogre
  4488 | D:4      | Reached skill level 7 in Stealth
  4488 | D:4      | Reached skill level 5 in Spellcasting
  4488 | D:4      | Reached XP level 6. HP: 28/28 MP: 2/14
  4657 | D:4      | Noticed Frank's ghost (novice OpFi)
  5055 | D:4      | Killed Frank's ghost
  5055 | D:4      | Reached skill level 8 in Stealth
  5055 | D:4      | Reached XP level 7. HP: 24/32 MP: 2/16
  5715 | D:4      | Found a glowing golden altar of the Shining One.
  5775 | D:5      | Entered Level 5 of the Dungeon
  6040 | D:5      | Reached skill level 9 in Stealth
  6300 | D:5      | Found a staircase to the Ecumenical Temple.
  6305 | Temple   | Entered the Ecumenical Temple
  6352 | Temple   | Became a worshipper of Dithmenos the Shadowed
  6581 | D:5      | Found Viusu's Antique Armour Emporium.
  6609 | D:5      | Bought a glowing scarf for 176 gold pieces
  6715 | D:5      | Reached skill level 18 in Stealth
  6715 | D:5      | Reached XP level 8. HP: 36/36 MP: 19/19
  6810 | D:6      | Reached XP level 9. HP: 29/39 MP: 11/20
  6888 | D:6      | Found a sparkling altar of Nemelex Xobeh.
  7944 | D:6      | Found a runed door.
  8531 | D:6      | Noticed Crazy Yiuf
  8536 | D:6      | Killed Crazy Yiuf
  8638 | D:7      | Found a flagged portal.
  8641 | D:7      | Reached * piety under Dithmenos
  8658 | Bailey   | Entered a bailey
  9350 | D:7      | Reached ** piety under Dithmenos
  9375 | D:7      | Found a shimmering altar of Xom.
  9658 | D:7      | Found a bloodstained altar of Trog.
  9659 | D:7      | Found a hazy altar of Hepliaklqana.
  9664 | D:7      | Reached skill level 19 in Stealth
  9724 | D:7      | Noticed Joseph
  9815 | D:7      | Killed Joseph
  9935 | D:7      | Reached XP level 10. HP: 40/44 MP: 6/23
 10468 | D:8      | Reached *** piety under Dithmenos
 10796 | D:8      | Noticed Psyche
 10805 | D:8      | Killed Psyche
 10807 | D:8      | Noticed Erica
 10842 | D:8      | Killed Erica
 10988 | D:8      | Noticed a two-headed ogre
 11007 | D:8      | Slain by a two-headed ogre

Skill      XL: |  1  2  3  4  5  6  7  8  9 10 |
---------------+-------------------------------+-----
Spellcasting   | 3 4 5 6 8 9 |  9.4
Hexes          | 4 5 6 7 9 |  9.6
Stealth        | 5 7 8 18 19 | 19.3
Short Blades   | |  1.1
Dodging        | |  3.0

Action                   |  1- 3 |  4- 6 |  7- 9 | 10-12 || total
-------------------------+-------+-------+-------+-------++-------
Melee: Dagger            |   167 |     8 |       |       ||   175
       Short sword       |       |   133 |   264 |    82 ||   479
 Cast: Ensorcelled Hiber |    13 |    27 |    42 |     9 ||    91
       Confuse           |       |     9 |    70 |    10 ||    89
  Use: Scroll            |       |       |     6 |       ||     6
       Potion            |       |       |     2 |       ||     2
 Stab: Sleeping          |    17 |    29 |    34 |    16 ||    96
       Distracted        |     2 |       |     2 |       ||     4
       Confused          |       |     4 |    23 |    10 ||    37
  Eat: Fruit             |       |     2 |       |       ||     2
       Royal jelly       |       |     1 |     4 |       ||     5
Armor: Robe              |    20 |     9 |    18 |     9 ||    56
Dodge: Dodged            |   151 |   107 |   249 |    70 ||   577
